Map: Одиссея РВ

Players

ИИ 1 (ученик) - Winner!

  • Race: Terran Terran
  • Spawn Location: 11:00

Doll

  • Race: Zerg Zerg
  • Spawn Location: 5:00

VOD

Have the link to the VOD?

Description

Time

  • Played on: Sept. 16, 2022, 5:37 p.m.
  • Length: 9:16
Show
View Real Time Build Order
Export as new Build Order

ИИ 1 (ученик) Terran - Winner!

Build Orders:  

Get SALT Encoding   

  12  0:00  SCV  
  13  0:13  SCV  
  14  0:18  Supply Depot  
  14  0:25  SCV  
  15  0:30  Refinery  
  15  0:44  Barracks  
  15  0:45  SCV  
  16  0:57  SCV  
  17  1:05  Barracks  
  17  1:09  SCV  
  18  1:21  SCV  
  19  1:27  Supply Depot  
  19  1:32  Marine  
  20  1:33  SCV  
  21  1:43  Barracks  
  21  1:46  SCV  
  22  1:50  Barracks Tech Lab  
  22  1:53  Marine  
  23  1:58  SCV  
  24  2:04  Refinery  
  26  2:08  Marauder  
  26  2:15  Stimpack  
  26  2:17  Marine  
  27  2:29  Supply Depot  
  27  2:32  Marauder  
  27  2:35  Reaper  
  30  2:38  SCV  
  31  2:50  Marine  
  32  2:51  Supply Depot  
  32  2:53  Marine  
  32  2:56  SCV  
  34  3:07  Marine  
  34  3:10  Orbital Command  
  35  3:13  Barracks Tech Lab  
  35  3:19  Marine  
  34  3:26  Barracks Tech Lab  
  32  3:31  Reaper  
  31  3:37  Marine  
  31  3:38  SCV  
  33  3:44  Marine  
  32  3:55  Marauder  
  32  4:02  Marine  
  30  4:03  Marine  
  29  4:16  Marine  
  23  4:28  SCV  
  21  4:37  Command Center  
  21  4:40  SCV  
  22  4:52  SCV  
  23  5:03  Marine  
  23  5:05  SCV  
  25  5:11  Marauder  
  27  5:17  SCV  
  27  5:18  Marine  
  29  5:29  SCV  
  30  5:41  SCV  
  31  5:43  Command Center  
  31  5:51  Marine  
  31  5:53  SCV  
  31  5:56  SCV  
  34  5:58  Marine  
  35  6:05  SCV  
  35  6:07  Combat Shield  
  35  6:11  Concussive Shells  
  36  6:13  SCV  
  37  6:23  Factory  
  37  6:25  SCV  
  38  6:31  Supply Depot  
  39  6:32  SCV  
  39  6:42  SCV  
  39  6:44  Factory  
  40  6:57  SCV  
  41  7:04  Marauder  
  41  7:05  SCV  
  44  7:08  Starport, Factory Tech Lab  
  44  7:17  SCV  
  44  7:19  SCV  
  46  7:25  SCV  
  46  7:28  Bunker  
  46  7:29  Siege Tank  
  50  7:32  Orbital Command  
  50  7:38  Factory Tech Lab  
  50  7:43  Marauder  
  52  7:45  SCV  
  52  7:47  Medivac  
  55  7:51  Marine  
  55  7:53  SCV  
  55  7:57  SCV  
  58  8:00  Marauder  
  58  8:01  Siege Tank  
  58  8:04  Marauder  
  65  8:09  Marine  
  65  8:10  SCV  
  65  8:11  SCV  
  68  8:16  Siege Tank  
  68  8:18  Starport Tech Lab  
  71  8:22  Supply Depot  
  71  8:34  Command Center  
  71  8:40  Supply Depot  
  71  8:41  Refinery  
  71  8:45  Refinery  
  71  8:49  Supply Depot  
  71  8:55  SCV  
  75  8:56  SCV  
  79  9:10  Barracks  
Show
View Real Time Build Order
Export as new Build Order

Doll Zerg 

Build Orders: Pool First 

Get SALT Encoding   

  12  0:22  Spawning Pool, Drone  
  12  0:27  Drone  
  13  0:35  Overlord  
  13  0:40  Drone  
  14  0:54  Drone x2  
  16  1:00  Extractor  
  15  1:10  Zergling x2, Roach Warren  
  15  1:16  Zergling x2  
  16  1:24  Queen  
  18  1:27  Zergling x2  
  19  1:37  Overlord  
  19  1:50  Roach  
  21  1:59  Roach  
  23  2:04  Queen  
  25  2:12  Roach  
  27  2:21  Roach  
  29  2:32  Overlord  
  29  2:33  Drone  
  30  2:51  Drone x3  
  33  3:00  Queen  
  33  3:05  Drone  
  36  3:11  Drone  
  36  3:13  Drone  
  36  3:16  Drone  
  36  3:37  Hatchery  
  35  3:43  Overlord  
  35  3:47  Extractor  
  34  4:02  Baneling Nest  
  33  4:03  Drone x3  
  33  4:04  Drone  
  33  4:07  Drone  
  38  4:12  Drone  
  39  4:19  Drone  
  39  4:20  Drone x2  
  38  4:30  Lair  
  34  4:34  Drone  
  35  4:42  Drone  
  36  4:53  Roach  
  36  4:54  Roach  
  40  5:00  Queen  
  40  5:02  Roach  
  40  5:06  Roach  
  46  5:11  Zergling x2  
  47  5:15  Roach x2  
  47  5:19  Overlord  
  51  5:24  Overlord  
  51  5:37  Spire  
  51  5:39  Drone x2  
  51  5:40  Drone  
  51  5:41  Drone  
  54  5:44  Drone  
  54  5:47  Drone  
  56  5:50  Drone  
  56  5:52  Drone  
  56  5:55  Overlord  
  58  5:57  Overseer  
  58  6:00  Zergling x2  
  58  6:02  Overseer  
  59  6:04  Drone  
  59  6:05  Drone  
  59  6:10  Pneumatized Carapace  
  61  6:12  Drone  
  61  6:15  Drone  
  63  6:20  Queen  
  63  6:21  Drone  
  63  6:22  Drone  
  63  6:23  Drone  
  68  6:29  Hydralisk Den  
  68  6:32  Extractor, Drone  
  67  6:33  Drone x2  
  67  6:37  Overlord  
  69  6:40  Metabolic Boost  
  69  6:41  Glial Reconstitution  
  69  6:46  Zergling x2  
  70  6:48  Zergling x2  
  70  6:49  Zergling x2  
  70  6:50  Zergling x4  
  74  7:07  Overlord  
  74  7:08  Extractor  
  74  7:09  Hatchery  
  74  7:10  Drone x2  
  74  7:11  Queen  
  76  7:16  Queen  
  76  7:19  Drone  
  76  7:20  Drone  
  76  7:22  Drone  
  81  7:23  Drone  
  81  7:24  Drone  
  81  7:27  Overlord  
  83  7:32  Drone  
  83  7:36  Zergling x6  
  87  7:43  Spine Crawler  
  86  7:45  Spine Crawler, Drone  
  86  7:46  Drone  
  87  7:54  Centrifugal Hooks  
  87  7:58  Infestation Pit  
  86  7:59  Hydralisk  
  86  8:00  Hydralisk  
  86  8:03  Hydralisk  
  92  8:06  Hydralisk  
  94  8:14  Hydralisk, Overlord  
  94  8:16  Hydralisk  
  98  8:20  Overlord  
  98  8:23  Hydralisk  
Tags
 
Add a new tag
Caveats
  • Supply blocks, unpowered buildings, or Contaminate may cause inaccurate times.
  • Supply counts are checked every 10 seconds.